 Dungeon Crawl Stone Soup version 0.27-a0-1381-g81fdcbfb23 (webtiles) character file.

Game seed: 16309580781162335157

19909 Froggeryz the Unseen (level 12, -8/84 HPs)
             Began as an Octopode Berserker on June 30, 2021.
             Was a High Priest of Trog.
             Mangled by a seven-headed hydra (13 damage)
             ... on level 2 of the Lair of Beasts.
             The game lasted 00:22:37 (17455 turns).

Froggeryz the Unseen (Octopode Berserker)          Turns: 17455, Time: 00:22:37

Health: -8/84      AC:  1    Str: 17    XL:     12   Next: 73%
Magic:  0/12       EV: 18    Int: 10    God:    Trog [*****.]
Gold:   542        SH:  0    Dex: 15    Spells: 11/11 levels left

rFire    . . .     SeeInvis .   k - +0 short sword (flame)
rCold    . . .     Faith    .   (no shield)
rNeg     + . .     Spirit   +   (helmet restricted)
rPois    .         Reflect  .   m - amulet of guardian spirit
rElec    .         Harm     .   q - ring of resist corrosion
rCorr    +         Rampage  .   A - ring of positive energy
Will     .....                  (no ring)
Stlth    +++++++...             (no ring)
HPRegen  0.24/turn              (no ring)
MPRegen  0.13/turn              (no ring)
                                (no ring)
                                (no ring)

@: about to teleport
A: almost no armour, amphibious, 8 rings, camouflage 1, gelatinous body 1,
(nimble swimmer 1), tentacles
a: Renounce Religion, Berserk, Trog's Hand, Brothers in Arms


You were on level 2 of the Lair of Beasts.
You worshipped Trog.
Trog was extremely pleased with you.
You visited 2 branches of the dungeon, and saw 12 of its levels.
You also visited: Ice Cave.

You collected 565 gold pieces.
You spent 23 gold pieces at shops.

Inventory:

Hand Weapons
 k - a +0 short sword of flaming (weapon)
 y - a +0 dagger of venom
 J - a +2 vorpal rapier
Missiles
 c - 14 javelins (quivered)
 t - 16 boomerangs
 u - 58 poisoned darts
 C - a curare-tipped dart
Jewellery
 m - an amulet of guardian spirit (around mantle)
 n - an amulet of reflection
 q - a ring of resist corrosion (left tentacle)
 A - a ring of positive energy (right tentacle)
Wands
 a - a wand of mindburst (14)
 i - a wand of digging (8)
 j - a wand of polymorph (5)
 H - a wand of iceblast (16)
Scrolls
 b - 5 scrolls of enchant weapon
 f - 8 scrolls of magic mapping
 r - 3 scrolls of fog
 s - 2 scrolls of brand weapon
 x - 6 scrolls of teleportation
 B - 5 scrolls of enchant armour
 D - a scroll of identify
Potions
 d - a potion of invisibility {unknown}
 e - 4 potions of haste
 g - a potion of berserk rage {unknown}
 h - 3 potions of curing
 l - 2 potions of mutation
 o - a potion of attraction {unknown}
 v - a potion of resistance {unknown}
 w - a potion of magic {unknown}
 z - 2 potions of heal wounds {unknown}
 F - a potion of cancellation {unknown}
 G - a potion of brilliance {unknown}
 I - 9 potions of ambrosia
Miscellaneous
 E - a condenser vane (inert)


   Skills:
 + Level 8.6 Fighting
 - Level 11.2 Short Blades
 - Level 6.0 Throwing
 - Level 10.1 Dodging
 + Level 15.0 Stealth


You had 11 spell levels left.
You didn't know any spells.
Your spell library was empty.

Dungeon Overview and Level Annotations

Branches:
Dungeon (10/15)            Temple (0/1) D:5            Lair (2/6) D:10
    Orc (0/2) D:9           IceCv (visited)
  Swamp: Lair:2-4    Shoals: Lair:2-4     Snake: Lair:2-4    Spider: Lair:2-4

Altars:
Trog

Shops:
D:3 *?*   D:9 [

Annotations:
D:3 Natasha
D:4 2 transporters, Ijustatesigmund's ghost, amateur OpFi


Innate Abilities, Weirdness & Mutations

You cannot wear most types of armour.
You are amphibious.
You can wear up to eight rings at the same time.
Your skin changes colour to match your surroundings (Stealth+).
Your rubbery body absorbs attacks. (AC +1, EV +1)
((You are camouflaged near water. (Stealth+)))
You have tentacles for arms and can constrict up to eight enemies at once.


Message History

The rime drake is engulfed in noxious fumes.
The rime drake appears confused.
The black mamba bites you!
The komodo dragon is engulfed in noxious fumes.
The komodo dragon appears confused.
The bullfrog is engulfed in noxious fumes.
The bullfrog appears confused.
You kill the bullfrog!
Trog accepts your kill.
As you read the scroll of teleportation, it crumbles to dust.
You feel strangely unstable. The black mamba closely misses you.
The cane toad stings you!!
The rime drake is engulfed in noxious fumes.
Something bites the cane toad!!
The black mamba misses you.
You hit the cane toad. You burn the cane toad. You grab the cane toad.
The cane toad is lightly wounded.
You constrict the cane toad, but do no damage.
The cane toad stings you!
The polar bear is engulfed in noxious fumes.
The polar bear appears confused.
You hit the cane toad but do no damage.
You squeeze the cane toad, but do no damage.
The cane toad is lightly wounded.
You constrict the cane toad. The black mamba completely misses you.
The cane toad stings you!!
* * * LOW HITPOINT WARNING * * *
Something barely misses the polar bear.
Okay, then.
Okay, then.
Really wriggl into that cloud of noxious fumes?
Okay, then.
Okay, then.
You constrict the cane toad, but do no damage.
The polar bear is engulfed in noxious fumes.
The cane toad escapes!
The polar bear is engulfed in noxious fumes.
The black mamba bites you.
* * * LOW HITPOINT WARNING * * *
The seven-headed hydra barely misses you.
The seven-headed hydra bites you!
You die...

♣♣....♣.♣....♣♣#.....#
♣♣♣.≈≈≈≈≈≈≈≈≈≈≈.♣♣...P.# #
♣♣♣F.≈≈≈≈≈≈≈≈≈≈≈≈≈...P≈P.#
.
...♣♣.≈≈≈≈≈≈≈≈≈≈≈.♣♣÷÷...#
. ♣♣F#
♣....♣.♣....♣♣#.....# .
†D.# ######.###### #♣...♣#
. ♣♣♣# ♣.♣ ♣♣.♣♣ . .♣♣
♣♣♣♣♣♣.♣♣♣♣♣♣ ♣.♣ . ♣.♣
♣........SF@♣ ♣.♣ .♣♣
♣.......§FSD♣ ♣.♣ F##
♣..+#####§§§♣ ##†## ..##
♣. #...§§#§§♣ ##.†.## ...#
♣ #..§§l#..♣ #....<# ..>#
#.k§h #... #>....# ..^#
#.... #..♣♣#....<# ..##
#... #.[♣ ##...## ∩## +###
+..♣ ##∩##


You could see a seven-headed hydra, a polar bear (confused), a komodo dragon
(confused), a black mamba, 2 cane toads, a rime drake (confused) and a water
moccasin.

Vanquished Creatures
  2 hydras (Lair:2)
  A necromancer (IceCv)
  A cyclops (D:9)
  3 ice statues (IceCv)
  2 black mambas (Lair:2)
  3 cane toads
  Maggie (D:7)
  A rime drake (Lair:1)
  9 ice devils (IceCv)
  3 trolls (D:10)
  A queen bee (D:10)
  13 blink frogs
  A vampire (D:10)
  A shadow (D:9)
  5 yaks
  2 wyverns
  A wraith (D:9)
  Menkaure (D:7)
  Edmund (D:4)
  6 water moccasins
  Duvessa (D:6)
  3 orc warriors
  An ice beast (D:7)
  2 sky beasts (D:6)
  4 black bears
  A hornet zombie (D:9)
  3 ogres
  A necrophage (D:5)
  7 centaurs
  A wolf (Lair:2)
  3 phantoms
  3 kobold brigands
  7 bullfrogs
  Dowan (D:6)
  2 scorpions (D:6)
  35 killer bees
  An electric eel (Lair:2)
  4 wights
  5 howler monkeys
  3 draconian simulacra (IceCv)
  2 jellies (D:6)
  4 centaur zombies
  2 hounds
  2 bullfrog zombies
  A centaur skeleton (D:5)
  4 orc priests
  Crazy Yiuf (D:5)
  A gnoll shaman (D:8)
  A bullfrog skeleton (D:5)
  Jessica (D:3)
  Natasha (D:3)
  10 orc wizards
  3 iguanas
  A scorpion zombie (D:5)
  2 troll simulacra (IceCv)
  2 centaur simulacra (IceCv)
  3 hound skeletons
  A howler monkey zombie (D:8)
  4 gnolls (D:8)
  A naga simulacrum (IceCv)
  5 adders
  An ogre simulacrum (IceCv)
  A white imp (D:7)
  An ufetubus (D:6)
  An adder skeleton (D:4)
  A dart slug (D:4)
  28 orcs
  3 ball pythons
  11 endoplasms
  3 giant cockroaches
  12 goblins
  10 hobgoblins
  7 jackals
  8 bats
  4 frilled lizards
  20 kobolds
  5 rats
314 creatures vanquished.

Vanquished Creatures (collateral kills)
  An ice devil (IceCv)
  A troll simulacrum (IceCv)
2 creatures vanquished.

Vanquished Creatures (others)
  9 fungi (Lair:2)
  25 plants
34 creatures vanquished.

Grand Total: 350 creatures vanquished

Notes
Turn   | Place    | Note
-------+----------+-------------------------------------------
     0 | D:1      | Froggeryz the Octopode Berserker began the quest for the
                  | Orb.
     0 | D:1      | Reached XP level 1. HP: 16/16 MP: 1/1
   112 | D:1      | Reached skill level 1 in Stealth
   114 | D:1      | Reached XP level 2. HP: 16/21 MP: 2/2
   277 | D:1      | Found a faded altar of an unknown god.
   938 | D:1      | Reached skill level 2 in Stealth
   938 | D:1      | Reached XP level 3. HP: 23/26 MP: 3/3
  1760 | D:2      | Reached ** piety under Trog
  1896 | D:2      | Reached XP level 4. HP: 31/31 MP: 4/4
  1991 | D:2      | Reached skill level 3 in Stealth
  2267 | D:3      | Found Fotucoa's Magic Scroll Boutique.
  2275 | D:3      | Noticed Jessica
  2280 | D:3      | Found Poebaf's Assorted Antiques.
  2283 | D:3      | Killed Jessica
  2284 | D:3      | Reached XP level 5. HP: 30/36 MP: 5/5
  2333 | D:3      | Bought a scroll labelled IVINEITY TUXKO for 23 gold pieces
  2425 | D:3      | Noticed Natasha
  2430 | D:3      | Killed Natasha
  2431 | D:3      | Reached skill level 5 in Short Blades
  2732 | D:3      | Noticed Natasha
  2783 | D:3      | Found Opsuofuno's General Store.
  3692 | D:4      | Reached skill level 4 in Stealth
  3717 | D:4      | Noticed Edmund
  3728 | D:4      | Killed Edmund
  3729 | D:4      | Reached XP level 6. HP: 42/42 MP: 6/6
  3929 | D:4      | Reached *** piety under Trog
  3930 | D:4      | Reached skill level 5 in Stealth
  3978 | D:4      | Found a transporter.
  4004 | D:4      | Noticed Ijustatesigmund's ghost (amateur OpFi)
  4436 | D:4      | Found a transporter.
  4712 | D:5      | Entered Level 5 of the Dungeon
  4792 | D:5      | Noticed a necrophage
  4794 | D:5      | Reached XP level 7. HP: 46/46 MP: 7/7
  5263 | D:5      | Found a runed translucent door.
  5264 | D:5      | Noticed Crazy Yiuf
  5272 | D:5      | Killed Crazy Yiuf
  5340 | D:5      | Found a staircase to the Ecumenical Temple.
  5482 | D:5      | Reached XP level 8. HP: 29/52 MP: 6/8
  5747 | D:5      | Reached skill level 5 in Dodging
  6154 | D:6      | Reached XP level 9. HP: 21/56 MP: 4/9
  6434 | D:6      | Reached skill level 10 in Short Blades
  6474 | D:6      | Reached **** piety under Trog
  6483 | D:6      | Noticed Duvessa
  6485 | D:6      | Noticed Dowan
  6493 | D:6      | Killed Duvessa
  6497 | D:6      | Killed Dowan
  7794 | D:7      | Reached skill level 1 in Throwing
  7973 | D:7      | Reached XP level 10. HP: 63/63 MP: 7/10
  8212 | D:7      | Reached skill level 6 in Stealth
  8577 | D:7      | Noticed Maggie
  8583 | D:7      | Killed Maggie
  8729 | D:7      | Reached skill level 7 in Stealth
  8773 | D:7      | Noticed Menkaure
  8783 | D:7      | Killed Menkaure
  8832 | D:8      | Reached ***** piety under Trog
  9124 | D:8      | Found a bloodstained altar of Trog.
  9778 | D:8      | Reached skill level 8 in Stealth
 10572 | D:9      | Found a staircase to the Orcish Mines.
 11081 | D:9      | Noticed a cyclops
 11082 | D:9      | Reached skill level 5 in Throwing
 11082 | D:9      | Reached skill level 9 in Stealth
 11157 | D:9      | Reached XP level 11. HP: 33/67 MP: 8/11
 11462 | D:9      | Found Pogibuin's Armour Shoppe.
 11605 | D:10     | Entered Level 10 of the Dungeon
 11665 | D:9      | Killed a cyclops
 12327 | D:10     | Reached skill level 10 in Stealth
 12608 | D:10     | Found a staircase to the Lair.
 12648 | D:10     | Reached skill level 10 in Dodging
 12686 | D:10     | Received a gift from Trog
 12687 | D:10     | Reached skill level 11 in Stealth
 13290 | Lair:1   | Entered Level 1 of the Lair of Beasts
 14154 | Lair:2   | Reached skill level 12 in Stealth
 14181 | Lair:2   | Found a frozen archway.
 14190 | IceCv    | Entered an ice cave
 14223 | IceCv    | Reached skill level 5 in Fighting
 14646 | IceCv    | Reached XP level 12. HP: 78/78 MP: 8/12
 14914 | IceCv    | Reached skill level 13 in Stealth
 16150 | IceCv    | Identified the +2 scale mail of a Gauntlet {Rampage Str+3}
 16237 | Lair:2   | Reached skill level 14 in Stealth
 16805 | Lair:2   | Noticed a seven-headed hydra
 16806 | Lair:2   | Killed a seven-headed hydra
 16813 | Lair:2   | Noticed a five-headed hydra
 17281 | Lair:2   | Killed a five-headed hydra
 17337 | Lair:2   | Reached skill level 15 in Stealth
 17441 | Lair:2   | Noticed a seven-headed hydra
 17455 | Lair:2   | Mangled by a seven-headed hydra

Illustrated notes

Levels and vault maps discovered:
D:1:      sevenhm_arrival_forest_fort_small_4, layout_basic,
          chequers_ecumenical_altar_simple, minmay_misc_feat_x
D:2:      layout_rooms
D:3:      cheibrodos_greedy_goblins, layout_basic, serial_shops, shop, shop,
          nicolae_shop_overgrown_old_shop, minmay_strange_pillars, uniq_jessica,
          uniq_natasha
D:4:      layout_loops_ring, gammafunk_ghost_stat_death, dk_noncrumbling_3,
          uniq_edmund
D:5:      minmay_chambers_of_threes, layout_cave_pools,
          minmay_temple_entry_stoned_glass, uniq_crazy_yiuf_cottage
D:6:      layout_loops_ring, minmay_misc_feat_hallway, hex_large, uniq_duvessa
D:7:      layout_basic, uniq_menkaure, uniq_maggie
D:8:      layout_basic, lightli_temple_of_fire, minivault_24
D:9:      layout_stronghold, david_orc_2, serial_shops, nicolae_diamond_shop,
          minmay_microvault
D:10:     layout_roguey, lair_entry_dummy, special_room [special_room_bee]
Lair:1:   layout_roguey
Lair:2:   nzn_winding_woodlands_stair_trap [nzn_winding_woodlands_5x15_garden,
          nzn_winding_woodlands_5x15_lazy_stream,
          nzn_winding_woodlands_5x15_river_crossing,
          nzn_winding_woodlands_15x15_killbox,
          nzn_winding_woodlands_5x15_default, nzn_winding_woodlands_5x15_jagged,
          nzn_winding_woodlands_5x15_cabin], layout_gridlike,
          minmay_shoals_entry_lonely_mermaid, portal_ice_cave_entry_pillars_2,
          enter_volcano_1

Skill      XL: |  1  2  3  4  5  6  7  8  9 10 11 12 |
---------------+-------------------------------------+-----
Stealth        | 1 2 3 4 5 9 12 15 | 15.0
Short Blades   | 4 6 7 9 11 | 11.2
Dodging        | 4 6 7 9 10 | 10.1
Throwing       | 1 5 6 |  6.0
Fighting       | 5 8 |  8.6

Action                   |  1- 3 |  4- 6 |  7- 9 | 10-12 || total
-------------------------+-------+-------+-------+-------++-------
Melee: Short sword       |    79 |   103 |   120 |   493 ||   795
       Constrict         |    19 |    27 |    26 |    84 ||   156
       Tentacles         |    13 |    24 |    56 |   136 ||   229
       Dagger            |       |       |    97 |    28 ||   125
Throw: Javelin           |       |     1 |     2 |    11 ||    14
Invok: Berserk           |       |     3 |     7 |    26 ||    36
       Trog's Hand       |       |       |     1 |       ||     1
       Brothers in Arms  |       |       |       |     1 ||     1
Evoke: Wand              |       |       |     1 |     9 ||    10
       Condenser vane    |       |       |       |     2 ||     2
  Use: Scroll            |     2 |     6 |     3 |     6 ||    17
 Stab: Sleeping          |     9 |    15 |    11 |    31 ||    66
       Distracted        |       |       |       |     2 ||     2
       Confused          |       |       |       |     1 ||     1
Armor: Skin              |     9 |     2 |    16 |     8 ||    35
Dodge: Dodged            |    42 |    53 |   102 |   266 ||   463

Table legend: (Time is in decaauts)
 A = Elapsed time spent in this place.
 B = Non-inter-level travel time spent in this place.
 C = Inter-level travel time spent in this place.
 D = Time resting spent in this place.
 E = Time spent auto-exploring this place.
 F = Levels seen in this place.
 G = Mean time per level.
                   A        B        C        D        E       F      G
               +--------+--------+--------+--------+--------+-----+--------+
         Total |  17478 |  17044 |    434 |   5080 |   9443 |  13 | 1344.5 |
       Dungeon |  13251 |  12861 |    390 |   2893 |   8243 |  10 | 1325.1 |
          Lair |   2127 |   2083 |     44 |    624 |   1153 |   2 | 1063.5 |
      Ice Cave |   2099 |   2099 |      0 |   1562 |     47 |   1 | 2099.0 |
               +--------+--------+--------+--------+--------+-----+--------+

Top non-repeatable levels by time:
   IceCv: 2099 daAuts
     D:8: 1967 daAuts
     D:1: 1659 daAuts
     D:5: 1486 daAuts
     D:3: 1454 daAuts
     D:9: 1353 daAuts
     D:7: 1259 daAuts
     D:6: 1231 daAuts
    D:10: 1124 daAuts
     D:4: 1115 daAuts
  Lair:1: 1073 daAuts
  Lair:2: 1053 daAuts
     D:2: 598 daAuts
